 Dungeon Crawl Stone Soup version 0.21.1-1-g345015f (webtiles) character file.

9019 Frqise the Cleaver (level 11, -8/95 HPs)
             Began as a Hill Orc Fighter on July 8, 2018.
             Was an Elder of Makhleb.
             Mangled by a freezing wraith (10 damage)
             ... on level 10 of the Dungeon.
             The game lasted 00:38:28 (10333 turns).

Frqise the Cleaver (Hill Orc Fighter)              Turns: 10333, Time: 00:38:28

Health: -8/95      AC: 15    Str: 23    XL:     11   Next: 40%
Magic:  9/9        EV:  7    Int:  8    God:    Makhleb [****..]
Gold:   529        SH: 11    Dex:  8    Spells: 10/10 levels left

rFire    . . .     SeeInvis .   G - +5 spear
rCold    . . .     Gourm    +   h - +0 shield
rNeg     . . .     Faith    .   i - +0 plate armour
rPois    +         Spirit   .   (helmet restricted)
rElec    .         Reflect  .   (no cloak)
rCorr    .         Harm     .   (no gloves)
MR       .....                  (no boots)
Stlth    ..........             p - amulet of the gourmand
HPRegen  0.25/turn              g - ring of poison resistance
MPRegen  0.11/turn              k - +2 ring of protection

@: no status effects
A: beak, talons 1, clumsy 1, low mp 1
a: Minor Destruction, Lesser Servant of Makhleb, Major Destruction, Renounce
Religion


You were on level 10 of the Dungeon.
You worshipped Makhleb.
Makhleb was greatly pleased with you.
You were very full.

You visited 2 branches of the dungeon, and saw 10 of its levels.

You collected 529 gold pieces.

Inventory:

Hand Weapons
 a - a +0 war axe
 e - a +3 dagger of draining
 u - a +0 shortbow
 B - a +2 scimitar of flaming
 G - a +5 spear (weapon)
 K - a +0 glaive
 N - a +0 whip
Missiles
 j - 132 arrows
 s - 4 throwing nets (quivered)
Armour
 b - a +0 scale mail
 c - a +0 shield
 h - a +0 shield (worn)
 i - a +0 plate armour (worn)
 n - a +0 leather armour
 o - a cursed +0 cloak
Jewellery
 g - a ring of poison resistance (left hand)
 k - a +2 ring of protection (right hand)
 p - an amulet of the gourmand (around neck)
 v - an uncursed ring of wizardry
 J - a cursed ring of loudness {unknown}
 M - an uncursed ring of resist corrosion {unknown}
Wands
 E - a wand of polymorph (6)
 H - a wand of flame (27)
Scrolls
 m - a scroll of fear {unknown}
 r - 2 scrolls of identify
 t - a scroll of acquirement {unknown}
 w - 3 scrolls of fog
 y - a scroll of remove curse
 z - a scroll of random uselessness
 C - 2 scrolls of holy word
 D - a scroll of amnesia {unknown}
 F - a scroll of magic mapping
 O - a scroll of teleportation
Potions
 d - 3 potions of flight {unknown}
 l - 5 potions of curing
 x - 2 potions of might
 L - a potion of degeneration {unknown}
Comestibles
 f - 11 rations


   Skills:
 + Level 8.3 Fighting
 + Level 5.8 Long Blades
 + Level 11.7(12.1) Axes
 + Level 3.9(7.5) Polearms
 + Level 8.5 Armour
 + Level 4.2 Dodging
 + Level 1.2 Stealth
 + Level 9.2 Shields


You had 10 spell levels left.
You didn't know any spells.

Dungeon Overview and Level Annotations

Branches:
Dungeon (10/15)            Temple (1/1) D:4            Lair (0/6) D:9
    Orc: D:9-12

Altars:
Ashenzari
Cheibriados
Dithmenos
Elyvilon
Fedhas
Gozag
Hepliaklqana
Kikubaaqudgha
Makhleb
Nemelex Xobeh
Okawaru
Qazlal
Ru
Sif Muna
Uskayaw
Vehumet
Wu Jian
Xom
Yredelemnul
The Shining One

Shops:
D:9 ?


Innate Abilities, Weirdness & Mutations

You have a beak for a mouth.
You have sharp toenails.
You are clumsy. (Dex -2)
Your magical capacity is low. (-10% MP)


Message History

The freezing wraith is heavily damaged.
The freezing wraith completely misses you.
You block the freezing wraith's attack.
You puncture the freezing wraith!
You claw the freezing wraith, but do no damage.
The freezing wraith is heavily damaged.
The freezing wraith hits you but does no damage.
You block the freezing wraith's attack.
You hit the freezing wraith. Your kick misses the freezing wraith.
The freezing wraith is severely damaged.
The freezing wraith barely misses you. You block the freezing wraith's attack.
You barely miss the freezing wraith.
You claw the freezing wraith, but do no damage.
The freezing wraith is severely damaged.
You hit the freezing wraith.
The freezing wraith is severely damaged.
The freezing wraith hits you!
* * * LOW HITPOINT WARNING * * *
The freezing wraith freezes you!
You die...

*,,,,,,,**#........# *,,,* #...
,,,*,,,,* #........# *,,,* #...
,,,*,,,,* #........# #...# #...
,,***,,,* #........# #%..# #...
*******,* #......†.# #...# #...
,,,,,,,,* #........# #...# #...
,,,,,,,,* #........# #...# #...
,,,,,,,** #.....W..# #...# #...
,,,,,,,* #.....@..# #...####...
,,,,,,,**##........####.....))...
,,,,,,,,,...................r....
,,*******########################
,,* ,,* ***


You could see a freezing wraith.

Vanquished Creatures
  Erica (D:8)
  3 two-headed ogres
  Joseph (D:8)
  Maurice (D:8)
  2 trolls (D:9)
  Grinder (D:5)
  A spriggan (D:7)
  9 yaks
  4 porcupines (D:9)
  2 orc warriors (D:10)
  A sky beast (D:9)
  A black bear (D:9)
  An ice beast (D:5)
  A phantom (D:9)
  An ogre (D:9)
  3 centaurs
  4 crocodiles (D:9)
  The ghost of CrazyArbalest the Sneak, an amateur SpAs (D:3)
  4 bullfrogs
  A gnoll sergeant (D:7)
  2 scorpions
  5 wights (D:9)
  3 howler monkeys
  6 crimson imps
  A centaur zombie (D:8)
  2 hounds
  2 jellies
  2 bullfrog zombies
  A bullfrog skeleton (D:5)
  6 orc priests
  9 orc wizards
  7 worker ants
  A hound zombie (D:10)
  A howler monkey zombie (D:9)
  5 gnolls (D:7)
  10 adders
  7 shadow imps
  An adder zombie (D:8)
  An adder skeleton (D:4)
  A dart slug (D:1)
  4 leopard geckos
  44 orcs
  2 giant cockroaches
  3 goblins
  6 hobgoblins
  9 jackals
  A quokka (D:5)
  3 bats
  4 frilled lizards
  4 kobolds
  4 rats
  3 plants (D:9)
203 creatures vanquished.

Vanquished Creatures (others)
  2 bushes (D:9)
  3 fungi (D:9)
  12 plants (D:9)
17 creatures vanquished.

Grand Total: 220 creatures vanquished

Notes
Turn   | Place    | Note
-------+----------+-------------------------------------------
     0 | D:1      | Frqise the Hill Orc Fighter began the quest for the Orb.
     0 | D:1      | Reached XP level 1. HP: 19/19 MP: 1/1
   412 | D:1      | Reached skill level 3 in Axes
   412 | D:1      | Reached XP level 2. HP: 27/27 MP: 2/2
  1043 | D:2      | You fall through a shaft!
  1065 | D:3      | Reached XP level 3. HP: 9/33 MP: 3/3
  1066 | D:3      | Gained mutation: You have sharp toenails. [potion of mutation]
  1066 | D:3      | Gained mutation: Your flesh is cold resistant. (rC+) [potion of mutation]
  1066 | D:3      | Gained mutation: You can translocate small distances at will. [potion of mutation]
  1619 | D:3      | Reached XP level 4. HP: 40/40 MP: 4/4
  1779 | D:3      | Noticed CrazyArbalest's ghost (amateur SpAs)
  1807 | D:3      | Killed CrazyArbalest's ghost
  1807 | D:3      | Reached skill level 4 in Axes
  1807 | D:3      | Reached XP level 5. HP: 45/46 MP: 5/5
  1907 | D:3      | Noticed a centaur
  1915 | D:3      | Killed a centaur
  1915 | D:3      | Reached skill level 5 in Axes
  2114 | D:3      | Reached XP level 6. HP: 53/53 MP: 6/6
  2434 | D:4      | Lost mutation: Your flesh is cold resistant. (rC+) [potion of mutation]
  2434 | D:4      | Lost mutation: You have sharp toenails. [potion of mutation]
  2434 | D:4      | Lost mutation: You can translocate small distances at will. [potion of mutation]
  2434 | D:4      | Gained mutation: You are clumsy. (Dex -2) [potion of mutation]
  2434 | D:4      | Gained mutation: Your magical capacity is low. (-10% MP) [potion of mutation]
  2434 | D:4      | Gained mutation: You have sharp toenails. [potion of mutation]
  2434 | D:4      | Gained mutation: You have a beak for a mouth. [potion of mutation]
  2723 | D:4      | Reached skill level 5 in Armour
  2752 | D:4      | Found a staircase to the Ecumenical Temple.
  2759 | Temple   | Entered the Ecumenical Temple
  2776 | Temple   | Became a worshipper of Makhleb the Destroyer
  3319 | D:4      | Reached skill level 6 in Axes
  3428 | D:4      | Reached XP level 7. HP: 60/60 MP: 6/6
  3584 | D:4      | Reached skill level 5 in Shields
  3838 | D:4      | Reached skill level 7 in Axes
  3963 | D:5      | Entered Level 5 of the Dungeon
  4210 | D:5      | Found an iron altar of Okawaru.
  4390 | D:5      | Noticed a yak
  4390 | D:5      | Noticed a yak
  4390 | D:5      | Noticed a yak
  4390 | D:5      | Noticed a yak
  4391 | D:5      | Noticed a yak
  4401 | D:5      | Killed a yak
  4401 | D:5      | Reached skill level 5 in Fighting
  4401 | D:5      | Reached skill level 8 in Axes
  4401 | D:5      | Reached skill level 1 in Dodging
  4401 | D:5      | Reached XP level 8. HP: 46/68 MP: 7/7
  4409 | D:5      | Killed a yak
  4409 | D:5      | Reached * piety under Makhleb
  4416 | D:5      | Killed a yak
  4416 | D:5      | Reached skill level 9 in Axes
  4420 | D:5      | Killed a yak
  4433 | D:5      | Killed a yak
  4886 | D:5      | Reached XP level 9. HP: 75/75 MP: 8/8
  5009 | D:5      | Noticed Grinder
  5018 | D:5      | Paralysed by Grinder for 2 turns
  5022 | D:5      | Paralysed by Grinder for 6 turns
  5031 | D:5      | Killed Grinder
  5031 | D:5      | Reached skill level 10 in Axes
  5307 | D:5      | You fall through a shaft for 2 floors!
  6368 | D:8      | Noticed Erica
  6389 | D:8      | Killed Erica
  6389 | D:8      | Reached ** piety under Makhleb
  6389 | D:8      | Reached skill level 11 in Axes
  6475 | D:8      | Noticed Maurice
  6544 | D:8      | Killed Maurice
  6544 | D:8      | Reached skill level 1 in Stealth
  6544 | D:8      | Reached XP level 10. HP: 79/86 MP: 9/9
  6779 | D:8      | Noticed Joseph
  6794 | D:8      | Killed Joseph
  6794 | D:8      | Reached skill level 1 in Long Blades
  6818 | D:8      | Found an opulent altar of Gozag.
  7238 | D:9      | Found Iceu's Magic Scroll Boutique.
  7261 | D:9      | Noticed a two-headed ogre
  7273 | D:9      | Killed a two-headed ogre
  7570 | D:9      | Noticed a two-headed ogre
  7578 | D:9      | Killed a two-headed ogre
  7578 | D:9      | Reached skill level 5 in Long Blades
  7753 | D:9      | Reached *** piety under Makhleb
  7869 | D:9      | Reached XP level 11. HP: 94/94 MP: 9/9
  8056 | D:9      | Reached skill level 1 in Polearms
  8852 | D:9      | Found a staircase to the Lair.
  9274 | D:10     | Entered Level 10 of the Dungeon
  9672 | D:10     | Noticed a two-headed ogre
  9688 | D:10     | Killed a two-headed ogre
 10188 | D:10     | Reached **** piety under Makhleb
 10333 | D:10     | HP: 2/95 [freezing wraith (7)]
 10333 | D:10     | Mangled by a freezing wraith

Skill      XL: |  1  2  3  4  5  6  7  8  9 10 11 |
---------------+----------------------------------+-----
Axes           | 3 4 5 6 8 9 11 | 11.7
Fighting       | 4 5 7 8 |  8.3
Armour         | 4 5 6 7 8 |  8.5
Shields        | 4 5 6 7 8 9 |  9.2
Dodging        | 1 2 4 |  4.2
Stealth        | 1 |  1.2
Long Blades    | 5 |  5.8
Polearms       | 3 |  3.9

Action                   |  1- 3 |  4- 6 |  7- 9 | 10-12 || total
-------------------------+-------+-------+-------+-------++-------
Melee: War axe           |    86 |   141 |   259 |       ||   486
       Kick              |     3 |    28 |    60 |   147 ||   238
       Peck              |       |     9 |    51 |    95 ||   155
       Scimitar          |       |       |     8 |   150 ||   158
       Spear             |       |       |       |   298 ||   298
  Use: Potion            |     3 |     1 |       |     6 ||    10
       Scroll            |       |       |       |    13 ||    13
  Eat: Chunk             |     4 |    10 |     2 |    20 ||    36
       Ration            |       |     1 |       |       ||     1
Armor: Scale mail        |    35 |    61 |    70 |    86 ||   252
       Plate armour      |       |       |       |    98 ||    98
Dodge: Dodged            |    27 |    31 |    61 |   155 ||   274
Block: Shield            |    30 |    69 |   126 |   276 ||   501
       Rpst.: Scimitar   |       |       |       |    20 ||    20
